 Dungeon Crawl Stone Soup version 0.21-a0-394-gdc75ea7 (webtiles) character file.

487 GlassEater the Shield-Bearer (level 6, 31/57 HPs)
             Began as a Deep Dwarf Fighter on Sept 30, 2017.
             Quit the game on level 3 of the Dungeon on Oct 19, 2017.
             The game lasted 00:07:38 (2613 turns).

GlassEater the Shield-Bearer (Deep Dwarf Fighter)   Turns: 2613, Time: 00:07:39

Health: 31/57      AC: 10    Str: 21    XL:     6   Next: 89%
Magic:  5/5        EV:  6    Int:  9    God:
Gold:   62         SH: 10    Dex: 12    Spells: 5/5 levels left

rFire    x . .     SeeInvis .   a - +0 flail
rCold    + + .     Gourm    .   c - +0 shield
rNeg     . . .     Faith    .   t - +0 chain mail
rPois    .         Spirit   .   y - +0 helmet
rElec    .         Reflect  .   (no cloak)
rCorr    .         Harm     .   (no gloves)
MR       .....                  (no boots)
Stlth    ..........             (no amulet)
HPRegen  0.00/turn              e - ring of ice
MPRegen  0.09/turn              h - ring of protection from cold

@: non-regenerating
A: damage resistance, heal wounds, sense surroundings 1, no regeneration
a: Heal Wounds


You were on level 3 of the Dungeon.
You were hungry.

You visited 1 branch of the dungeon, and saw 4 of its levels.

You collected 62 gold pieces.

Inventory:

Hand Weapons
 a - a +0 flail (weapon)
 b - a +0 hunting sling
Missiles
 j - 43 sling bullets
 k - 72 stones (quivered)
Armour
 c - a +0 shield (worn)
 m - a +0 scale mail
 t - a +0 chain mail (worn)
 y - a +0 helmet (worn)
Jewellery
 e - a ring of ice (left hand)
 h - a ring of protection from cold (right hand)
Wands
 v - a wand of enslavement (15/24)
Scrolls
 o - 2 scrolls of teleportation {unknown}
 q - 2 scrolls of identify {unknown}
 s - a scroll of enchant armour {unknown}
Potions
 d - 3 potions of might
 i - a potion of cancellation {unknown}
 n - 3 potions of curing {unknown}
 p - a potion of haste {unknown}
 u - 2 potions of invisibility {unknown}
 w - 3 potions of heal wounds {unknown}
 x - a potion of lignification {unknown}
Comestibles
 f - 2 bread rations
 l - a meat ration
 r - 2 royal jellies


   Skills:
 + Level 3.8 Fighting
 + Level 3.6 Maces & Flails
 + Level 2.9 Slings
 + Level 4.7 Armour
 + Level 1.9 Dodging
 + Level 4.8 Shields


You had 5 spell levels left.
You didn't know any spells.

Dungeon Overview and Level Annotations

Branches:
Dungeon (4/15)
 Temple: D:4-7

Altars:
Makhleb
Vehumet


Innate Abilities, Weirdness & Mutations

You are resistant to damage.
You can heal yourself by infusing magical energy.
You passively map a small area around you.
You do not regenerate.


Message History

You sock the adder!
You kill the adder!
Done exploring.
Done exploring.
Done exploring.
Done exploring.
(D) Dungeon
Where to? (? - help)
There is an open door here.
You are no longer poisoned.
You see here a leather armour.
There is a stone staircase leading down here.
You climb downwards.
Found 14 gold pieces.
There is a stone staircase leading up here.
Unknown command.
Unknown command.
Quiver which item? (- for none, * to show all) (? for menu, Esc to quit)
Okay, then.
Are you sure you want to abandon this character and quit the game? (Confirm with "yes".)

, * * *
##########*
####.........
*
#............
#....@.......
, ,
#............
, ,
#............,
.
#......$....#
* .
####...##...#
.. ##### ...#
* .. ### .. ..
..


There were no monsters in sight!

Vanquished Creatures
  Grinder (D:4)
  A bullfrog skeleton (D:4)
  A hound (D:4)
  Natasha (thrice) (D:2)
  2 worker ants (D:4)
  Robin (D:2)
  3 adders
  An ooze (D:1)
  A leopard gecko (D:1)
  3 orcs (D:4)
  A ball python (D:2)
  3 bats
  4 giant cockroaches
  10 goblins
  10 hobgoblins
  2 jackals
  5 frilled lizards
  3 kobolds (D:1)
  12 rats
67 creatures vanquished.

Notes
Turn   | Place    | Note
-------+----------+-------------------------------------------
     0 | D:1      | GlassEater the Deep Dwarf Fighter began the quest for the Orb.
     0 | D:1      | Reached XP level 1. HP: 20/20 MP: 1/1
   120 | D:1      | Reached XP level 2. HP: 20/27 MP: 2/2
   858 | D:2      | Noticed Natasha
   870 | D:2      | Noticed a crimson imp
   878 | D:1      | Reached XP level 3. HP: 30/33 MP: 2/2
  1011 | D:2      | Killed Natasha
  1011 | D:2      | Reached skill level 1 in Dodging
  1221 | D:2      | You fall through a shaft for 2 floors!
  1223 | D:4      | Noticed Grinder
  1229 | D:4      | Reached skill level 1 in Slings
  1229 | D:4      | Reached XP level 4. HP: 20/42 MP: 3/3
  1244 | D:4      | HP: 2/42 [Grinder (4)]
  1260 | D:4      | Paralysed by Grinder for 2 turns
  1262 | D:4      | Killed Grinder
  1262 | D:4      | Reached XP level 5. HP: 29/49 MP: 4/4
  1262 | D:4      | Reached XP level 6. HP: 33/56 MP: 5/5
  1847 | D:2      | Noticed Natasha
  1849 | D:2      | Killed Natasha
  2056 | D:2      | Found a radiant altar of Vehumet.
  2056 | D:2      | Found a burning altar of Makhleb.
  2151 | D:2      | Upgraded the game from 0.21-a0-321-g91e3373 to 0.21-a0-394-gdc75ea7
  2173 | D:2      | Noticed Natasha
  2178 | D:2      | Noticed Robin
  2235 | D:2      | Killed Natasha
  2242 | D:2      | Killed Robin
  2613 | D:3      | Quit the game

Vault maps used:
D:1:      dpeg_arrival_ratfight
D:2:      gammafunk_temple_overflow_elements, uniq_robin, uniq_natasha
D:3:      yredelemnul_forgotten_temple_becter, grunt_temple_overflow_open
D:4:      cheibrodos_pilgrimage, zin_scriptorium, serial_shops, shop,
          uniq_grinder

Skill      XL: |  1  2  3  4 |
---------------+-------------+-----
Shields        | 4 |  4.8
Dodging        | 1 |  1.9
Fighting       | 3 |  3.8
Slings         | 1 2 |  2.9
Armour         | 4 |  4.7
Maces & Flails | 3 |  3.6

Action                   |  1- 3 |  4- 6 || total
-------------------------+-------+-------++-------
Melee: Flail             |    93 |   173 ||   266
 Fire: Hunting sling     |    15 |    25 ||    40
 Abil: Heal Wounds       |     1 |     3 ||     4
  Eat: Chunk             |     1 |     4 ||     5
Armor: Scale mail        |    55 |    54 ||   109
       Chain mail        |       |     9 ||     9
Dodge: Dodged            |    47 |    55 ||   102
Block: Shield            |    60 |    85 ||   145

Table legend:
 A = Spawn XP
 B = Non-spawn XP
 C = Spawn XP percentage of total XP
 D = Spawn monster count
 E = Non-spawn monster count
 F = Spawn count percentage of total count
 G = Total turns spent on level
                    A         B        C        D         E        F      G
               +---------+---------+-------+---------+---------+-------+---------
         Total |       0 |     696 |   0.0 |       0 |      67 |   0.0 |  2613
               +---------+---------+-------+---------+---------+-------+---------
           D:1 |       0 |      52 |   0.0 |       0 |      21 |   0.0 |   946
           D:2 |       0 |     192 |   0.0 |       0 |      35 |   0.0 |  1096
           D:3 |       0 |       3 |   0.0 |       0 |       2 |   0.0 |   108
           D:4 |       0 |     449 |   0.0 |       0 |       9 |   0.0 |   463
               +---------+---------+-------+---------+---------+-------+---------
